 Dungeon Crawl Stone Soup version 0.30-a0-219-gf2db51d15e (webtiles) character file.

Game seed: 12070792149077626764

1516 sleeves the Basher (level 8, -5/39 HPs)
             Began as a Vine Stalker Fighter on Oct 7, 2022.
             Was an Initiate of Kikubaaqudgha.
             Slain by a troll (8 damage)
             ... on level 6 of the Dungeon.
             The game lasted 00:04:01 (3550 turns).

sleeves the Basher (Vine Stalker Fighter)           Turns: 3550, Time: 00:04:02

Health: -5/39      AC: 10    Str: 19    XL:     8   Next: 83%
Magic:  0/18       EV: 13    Int: 10    God:    Kikubaaqudgha [......]
Gold:   219        SH:  5    Dex: 14    Spells: 7/7 levels left

rFire   . . .      SeeInvis .    r - +9 hammer of Qazlal's Outrage {venom, rN+ MP+9}
rCold   . . .      Faith    .    j - +1 buckler {rPois}
rNeg    + . .      Spirit   +    b - +0 scale mail
rPois   +          Reflect  .    p - +0 helmet
rElec   .          Harm     .    e - +0 cloak
rCorr   .          Rampage  .    (no gloves)
Will    ++...                    t - +1 pair of boots
Stlth   ..........               (no amulet)
HPRegen 1.06/turn                B - +4 ring of evasion
MPRegen 0.16/turn                y - ring of willpower

@: no status effects
A: fangs 3, regeneration 1, magic shield, antimagic bite, no potion heal 2
a: Renounce Religion


You were on level 6 of the Dungeon.
You worshipped Kikubaaqudgha.
Kikubaaqudgha was noncommittal.
You visited 1 branch of the dungeon, and saw 6 of its levels.

You collected 219 gold pieces.

Inventory:

Hand Weapons
 a - a +0 flail
 r - the +9 hammer of Qazlal's Outrage (weapon) {venom, rN+ MP+9}
   (You found it on level 2 of the Dungeon)

   It poisons the flesh of those it strikes.
   rN:        It protects you from negative energy.
   MP:        It affects your magic capacity (+9).
Missiles
 i - 2 javelins (quivered)
 k - 5 poisoned darts
Armour
 b - a +0 scale mail (worn)
 e - a +0 cloak (worn)
   (You found it on level 1 of the Dungeon)
 j - a +1 buckler of poison resistance (worn)
   (You found it on level 1 of the Dungeon)
 p - a +0 helmet (worn)
   (You found it on level 2 of the Dungeon)
 t - a +1 pair of boots (worn)
   (You found it on level 3 of the Dungeon)
Jewellery
 y - a ring of willpower (right hand)
   (You found it on level 4 of the Dungeon)
 B - a +4 ring of evasion (left hand)
   (You found it on level 5 of the Dungeon)
Wands
 q - a wand of flame (15)
   (You took it off Crazy Yiuf on level 2 of the Dungeon)
 A - a wand of paralysis (11)
   (You found it on level 5 of the Dungeon)
Scrolls
 c - a scroll of acquirement {unknown}
 f - 4 scrolls of teleportation {unknown}
 h - a scroll of magic mapping {unknown}
 n - 2 scrolls of blinking {unknown}
 o - a scroll of poison {unknown}
 s - 5 scrolls of identify {unknown}
 u - a scroll of enchant armour {unknown}
 v - a scroll of amnesia {unknown}
 z - a scroll of noise {unknown}
 C - a scroll of brand weapon {unknown}
 D - a scroll of immolation {unknown}
Potions
 d - a potion of might
 g - 2 potions of heal wounds {unknown}
 l - a potion of mutation {unknown}
 m - 2 potions of magic {unknown}
 w - 2 potions of cancellation {unknown}
 x - a potion of attraction {unknown}


   Skills:
 - Level 2.6 Fighting
 + Level 10.0 Maces & Flails
 - Level 2.4 Armour
 - Level 2.6 Shields


You had 7 spell levels left.
You didn't know any spells.
Your spell library contained the following spells:

 Spells                   Type           Power      Damage    Failure   Level
 Static Discharge         Conj/Air       0%         2-2/arc   93%         2
 Vhi's Electric Charge    Tloc/Air       0%         N/A       99%         3
 Cause Fear               Hex            0%         N/A       100%        4
 Arcjolt                  Conj/Air       0%         1d10      100%        5
 Lightning Bolt           Conj/Air       0%         1d11      100%        5
 Summon Mana Viper        Hex/Summ       0%         N/A       100%        5
 Maxwell's Capacitive Co  Air            0%         ∞         100%        8


Dungeon Overview and Level Annotations

Branches:
Dungeon (6/15)             Temple (0/1) D:5

Altars:
Ashenzari
Dithmenos
Elyvilon
Kikubaaqudgha
Trog
Xom


Innate Abilities, Weirdness & Mutations

You have razor-sharp teeth.
Your natural rate of healing is unusually fast.
When hurt, damage is shared between your health and your magic reserves.
Your bite disrupts and absorbs the magic of your enemies.
Potions cannot restore your health.


Message History

You sock Grinder!
Grinder is almost dead.
Grinder barely misses you. Grinder completely misses you.
You thump Grinder!
You kill Grinder!
Your Maces & Flails skill gained 2 levels and is now at level 6!
You have reached level 6!
HP restored.
u - a scroll labelled QIAMAXT HOLAME You see here a +0 whip.
As you open the door, it creaks loudly!
There is an open door here.
Found a ring mail.
No target in view!
No target in view!
A quokka comes into view.
A quokka is nearby!
A quokka is nearby!
You sock the quokka!
You kill the quokka!
No target in view!
No target in view!
No target in view!
No target in view!
No target in view!
A rat comes into view.
A goblin comes into view. It is wielding a +0 club.
There are monsters nearby!
There are monsters nearby!
The goblin shouts!
You hit the rat.
You kill the rat!
You hit the goblin.
The goblin is poisoned.
You bite the goblin.
You kill the goblin!
No target in view!
No target in view!
No target in view!
No target in view!
No target in view!
No target in view!
No target in view!
Things that are here:
a +0 club; a goblin corpse
There is an open door here.
Found an escape hatch in the ceiling.
Found a stone staircase leading down.
There is a stone staircase leading down here.
You now have 94 gold pieces (gained 12).
You see here a +0 war axe.
s - 2 scrolls labelled ITZOXA SUMO (gained 1)
An orc comes into view. It is wielding a +0 whip.
The orc shouts!
Found a stone staircase leading up.
The orc closely misses you.
You hit the orc.
The orc is poisoned.
Your bite misses the orc.
The orc is heavily wounded.
The orc hits you but does no damage.
You sock the orc!
You kill the orc!
You open the door.
Found a stone staircase leading up.
There is an open door here.
Found a stone staircase leading down.
No target in view!
s - 3 scrolls labelled ITZOXA SUMO (gained 1)
s - 4 scrolls labelled ITZOXA SUMO (gained 1)
An endoplasm comes into view.
The endoplasm quivers.
The endoplasm freezes you.
You are frozen.
You sock the endoplasm!
You kill the endoplasm!
No target in view!
No target in view!
No target in view!
No target in view!
n - 2 scrolls labelled JAIN TARUORESS (gained 1)
Found an escape hatch in the floor.
An orc comes into view. It is wielding a +0 club.
An orc is nearby!
The orc shouts!
The orc drinks a potion.
The orc goes berserk!
You barely miss the orc. You bite the orc. You drain its power.
The orc is moderately wounded.
The orc barely misses you. The orc closely misses you.
You barely miss the orc.
The orc is moderately wounded.
You block the orc's attack. The orc hits you but does no damage.
You sock the orc!
You kill the orc!
No target in view!
No target in view!
No target in view!
No target in view!
No target in view!
v - a scroll labelled CANOED RIG
Things that are here:
a +0 club; a +0 leather armour
f - 3 scrolls labelled MUCUYF IHYWEV (gained 1)
An adder comes into view.
Found 7 stones.
An adder is nearby!
The adder bites you but does no damage. The adder barely misses you.
You closely miss the adder. The adder closely misses you.
You miss the adder. You block the adder's attack.
The adder bites you but does no damage.
You sock the adder!
The adder is poisoned.
You bite the adder.
You kill the adder!
No target in view!
You see here 7 stones.
w - an emerald potion Key pressed, stopping explore.
There is an escape hatch in the floor here.
Things that are here:
a +0 club; a +0 leather armour
There is a stone staircase leading down here.
There is a stone staircase leading down here.
Key pressed, stopping explore.
No target in view!
No target in view!
No target in view!
There is an open door here.
Done exploring.
Done exploring.
Done exploring.
Done exploring.
No target in view!
(D) Dungeon
Where to? (Enter - D:3, ? - help)
You see here a +0 club.
There is an open door here.
There is a stone staircase leading down here.
You climb downwards.
There is a stone staircase leading up here.
An adder comes into view.
The adder hisses angrily.
An adder is nearby!
An adder is nearby!
You sock the adder!
The adder looks as sick as possible!
You bite the adder.
You kill the adder!
No target in view!
No target in view!
No target in view!
No target in view!
No target in view!
No target in view!
No target in view!
Found a flail.
You now have 103 gold pieces (gained 9).
You now have 114 gold pieces (gained 11).
Found a stone staircase leading down.
Found 7 stones.
No target in view!
No target in view!
No target in view!
No target in view!
No target in view!
A ball python comes into view.
The ball python hisses angrily.
A ball python is nearby!
A ball python is nearby!
Found the Meditations on Bewitching Weather.
You closely miss the ball python. You bite the ball python.
You kill the ball python!
No target in view!
No target in view!
You see here a ball python corpse.
You pick up the Meditations on Bewitching Weather and begin reading...
You add the spells Cause Fear, Summon Mana Viper and Maxwell's Capacitive Coupling to your library.
Found a ring mail.
A kobold comes into view. It is wielding a +0 club.
A kobold is nearby!
The kobold shouts!
You hear an angry hiss.
You closely miss the kobold. You bite the kobold.
You kill the kobold!
No target in view!
An iguana comes into view.
The iguana hisses angrily.
You see here an emerald potion.
An iguana is nearby!
An iguana is nearby!
Okay, then.
You see here a +0 club.
You block the iguana's attack.
You hit the iguana.
The iguana is poisoned.
You bite the iguana. You drain its power.
The iguana is heavily wounded.
You block the iguana's attack.
You thump the iguana!
You kill the iguana!
No target in view!
No target in view!
No target in view!
No target in view!
You see here a +0 club.
w - 2 emerald potions (gained 1)
You see here a +0 club.
Found a leather armour.
A hobgoblin comes into view.
The hobgoblin shouts!
A hobgoblin is nearby!
A ball python comes into view.
The ball python hisses angrily.
The hobgoblin hits you but does no damage.
You hit the ball python.
You kill the ball python!
The hobgoblin barely misses you.
You hit the hobgoblin.
The hobgoblin is poisoned.
You bite the hobgoblin. You drain its power.
The hobgoblin is severely wounded.
You kill the hobgoblin!
No target in view!
No target in view!
No target in view!
You now have 125 gold pieces (gained 11).
Found a stone staircase leading up.
A dart slug comes into view.
Found a scroll labelled MUCUYF IHYWEV.
Found 15 gold pieces.
The dart slug launches a dart at you.
The slug dart hits you but does no damage.
You bludgeon the dart slug!!
You kill the dart slug!
No target in view!
f - 4 scrolls labelled MUCUYF IHYWEV (gained 1)
You now have 140 gold pieces (gained 15).
A hobgoblin comes into view.
A hobgoblin is nearby!
A hobgoblin is nearby!
Unknown command.
Unknown command.
Unknown command.
The hobgoblin hits you but does no damage.
You hit the hobgoblin.
The hobgoblin is poisoned.
You bite the hobgoblin.
You kill the hobgoblin!
No target in view!
No target in view!
No target in view!
You see here a hobgoblin corpse.
Found a stone staircase leading up.
There is a stone staircase leading up here.
Found a stone staircase leading down.
A goblin comes into view. It is wielding a +0 dagger.
The goblin shouts!
You hear a shout!
A kobold comes into view. It is wielding a +0 short sword.
The kobold shouts!
You hear a shout! x6
You hear a shout!
The goblin hits you but does no damage.
You hit the goblin.
You kill the goblin!
Things that are here:
a +0 dagger; a goblin corpse You sock the kobold!
You kill the kobold!
No target in view!
No target in view!
No target in view!
No target in view!
Things that are here:
a +0 short sword; a kobold corpse
x - an orange potion A hobgoblin comes into view.
A hobgoblin is nearby!
You thump the hobgoblin!
You kill the hobgoblin!
No target in view!
No target in view!
No target in view!
No target in view!
No target in view!
No target in view!
A hobgoblin comes into view.
The hobgoblin shouts!
You hear a shout! x2
Robin of the Strong Arm comes into view.
They are wielding a +0 whip.
A goblin comes into view. It is wielding a +0 club.
A goblin comes into view. It is wielding a +0 dagger.
The goblin shouts!
You hear a shout!
There are monsters nearby!
There are monsters nearby! 6 goblins and a hobgoblin come into view.
The goblin shouts! x5; The hobgoblin shouts!
Robin throws the goblin at you!
The goblin unwields a +0 dagger.
The goblin wields a +0 sling.
The goblin shoots a sling bullet.
The sling bullet hits you but does no damage.
The goblin barely misses you.
You barely miss the goblin. You bite the goblin.
You kill the goblin!
You closely miss the goblin. You bite the goblin. You drain its power.
The goblin is severely wounded.
Robin roars a battlecry!
The goblins go into a battle-frenzy!
The goblin hits you but does no damage. The goblin hits you with a +0 club.
You barely miss the goblin. You bite the goblin.
You kill the goblin!
The goblin hits you but does no damage. You block the goblin's attack.
The goblin attacks as you move away! You block the goblin's attack.
The goblin attacks as you move away! The goblin barely misses you.
You see here a +0 dagger.
You sock the goblin!
You kill the goblin!
You sock the goblin!
You kill the goblin!
Robin throws the goblin at you! The goblin hits you but does no damage.
You closely miss the goblin. Your bite misses the goblin.
The goblin closely misses you. x2
You closely miss the goblin. Your bite misses the goblin.
The goblin closely misses you. Robin throws the goblin at you!
The goblin hits you but does no damage.
The goblin unwields a +0 sling.
The goblin wields a +0 dagger.
The goblin hits you but does no damage.
You hit the goblin.
You kill the goblin!
The goblin barely misses you.
You thump the hobgoblin!
You kill the hobgoblin!
The goblin closely misses you. x2
You hit the hobgoblin.
You kill the hobgoblin!
The goblin hits you but does no damage. x3; The goblin hits you with a +0 club.
Robin hits you but does no damage.
Robin roars a battlecry!
The goblin hits you but does no damage.
Things that are here:
a +0 dagger; a +0 sling; a goblin corpse You barely miss the goblin.
Your bite misses the goblin. You block the goblin's attack.
The goblin hits you but does no damage.
You hit the goblin.
You kill the goblin!
The goblin hits you but does no damage.
You hit Robin.
Robin is poisoned.
You bite Robin. You drain their power.
Robin is heavily wounded.
Robin barely misses you. The goblin hits you with a +0 dagger.
You hit Robin.
Robin looks as sick as possible!
Your bite misses Robin.
Robin is almost dead.
Robin throws the goblin at you! The goblin hits you but does no damage.
The goblin closely misses you.
You closely miss Robin. Your bite misses Robin.
Robin is almost dead.
You kill Robin!
The goblin barely misses you. The goblin hits you but does no damage.
You hit the goblin.
The goblin is poisoned.
You bite the goblin.
You kill the goblin!
The goblin hits you but does no damage.
You closely miss the goblin. The goblin barely misses you.
You thump the goblin!
You kill the goblin!
No target in view!
No target in view!
No target in view!
No target in view!
No target in view!
No target in view!
No target in view!
No target in view!
Items here: )) [[ †.
Okay, then.
Things that are here:
a +0 short sword; a +0 dagger; a hobgoblin corpse You see here a +0 dagger.
Things that are here:
a +0 dagger; a goblin corpse
y - a ring of willpower A giant cockroach comes into view.
A giant cockroach is nearby!
A giant cockroach is nearby!
You sock the giant cockroach!
You kill the giant cockroach!
No target in view!
No target in view!
No target in view!
No target in view!
Duvessa, Sister of Dowan comes into view.
She is wielding a +0 rapier.
Duvessa shouts!
Duvessa says, "Where magic fails, the sword succeeds!"
You see here 17 gold pieces.
Duvessa is nearby!
You hit Duvessa but do no damage.
Duvessa is poisoned.
Your bite misses Duvessa. Duvessa hits you with a +0 rapier.
You thump Duvessa!
Duvessa looks as sick as possible!
Your bite misses Duvessa.
Duvessa is moderately wounded.
Duvessa hits you with a +0 rapier.
You sock Duvessa!
Duvessa is severely wounded.
Duvessa hits you but does no damage.
You sock Duvessa!
You kill Duvessa!
You hear a distant wail of despair.
You have reached level 7!
Dowan, Brother of Duvessa comes into view.
He is wielding a +0 dagger.
Dowan shouts!
Dowan seems to find hidden reserves of power!
Dowan hits you with a +0 dagger.
Things that are here:
a +0 rapier; a +0 ring mail You sock Dowan!
You bite Dowan.
Dowan's magic leaks into the air.
You drain his magic.
You feel invigorated.
Dowan is heavily wounded.
You block Dowan's attack.
You sock Dowan!
Dowan is poisoned.
You bite Dowan.
You kill Dowan!
Your Maces & Flails skill increases to level 7!
No target in view!
Magic restored.
You now have 157 gold pieces (gained 17).
z - a scroll labelled VAISHU WOOGATH
Okay, then.
Unknown command.
Found an ancient bone altar of Kikubaaqudgha.
An adder comes into view.
The adder hisses angrily.
An adder is nearby!
An adder is nearby!
You miss the adder. You bite the adder. You drain its power.
The adder is moderately wounded.
The adder closely misses you. The adder bites you.
You closely miss the adder. You bite the adder. You drain its power.
You feel invigorated.
The adder is severely wounded.
The adder bites you.
You sock the adder!
You kill the adder!
No target in view!
No target in view!
There is an ancient bone altar of Kikubaaqudgha here.
You kneel at the altar of Kikubaaqudgha.
Kikubaaqudgha welcomes you!
Found a stone staircase leading down.
A scorpion comes into view.
A scorpion is nearby!
The scorpion barely misses you.
You hit the scorpion. Your bite misses the scorpion.
The scorpion is moderately wounded.
The scorpion barely misses you.
You hit the scorpion but do no damage.
The scorpion is poisoned.
You bite the scorpion. You drain its power.
The scorpion is heavily wounded.
The scorpion stings you but does no damage. x2
You thump the scorpion!
You kill the scorpion!
Kikubaaqudgha accepts your kill.
No target in view!
No target in view!
No target in view!
No target in view!
Things that are here:
a +0 rapier; a +0 ring mail Key pressed, stopping explore.
You see here a +0 ring mail.
A ball python comes into view.
A ball python is nearby!
The ball python hisses angrily.
The ball python bites you but does no damage.
You block the ball python's attack.
You hit the ball python.
You kill the ball python!
Kikubaaqudgha accepts your kill.
No target in view!
No target in view!
No target in view!
No target in view!
No target in view!
There is a stone staircase leading up here.
You see here a +0 club.
Things that are here:
a +0 dagger; a +0 sling You see here a +0 dagger.
Key pressed, stopping explore.
You see here a +0 short sword.
You see here a +0 dagger.
Done exploring.
Done exploring.
No target in view!
No target in view!
No target in view!
No target in view!
(D) Dungeon
Where to? (Enter - D:4, ? - help)
There is a stone staircase leading down here.
You climb downwards.
The centaur shouts!
The orc shouts!
The orc wizard shouts!
The orc shouts!
You hear a shout!
You hear an angry hiss.
There is a stone staircase leading up here.
There are monsters nearby!
Unknown command.
There are monsters nearby!
The centaur wields a +0 shortbow.
The centaur shoots an arrow.
The arrow closely misses you.
The orc wizard mumbles some strange words.
The orc wizard flickers and vanishes!
Deactivating autopickup; reactivate with Ctrl-A.
You closely miss the orc. You bite the orc. You drain its power.
The orc is almost dead.
The centaur shoots an arrow.
The arrow barely misses you.
The orc hits you with a +2 short sword of venom.
You barely miss the orc. Your bite misses the orc.
The centaur shoots an arrow.
You block the arrow.
The centaur shoots an arrow.
The arrow barely misses you.
The orc hits you with a +2 short sword of venom.
You are poisoned.
Something completely misses you.
An orc comes into view. It is wielding a +0 war axe.
You feel very sick.
The centaur shoots an arrow.
You block the arrow. You block something's attack.
The orc hits you but does no damage.
You climb upwards.
Reactivating autopickup.
You feel very sick.
There is a stone staircase leading down here.
There are monsters nearby!
You sock the orc!
You kill the orc!
Kikubaaqudgha accepts your kill.
You feel sick. Something hits you but does no damage.
Deactivating autopickup; reactivate with Ctrl-A.
The orc hits you with a +0 hand axe.
You hit the orc.
The orc is poisoned.
The orc is lightly wounded.
You feel sick. Something hits you. The orc hits you with a +0 hand axe.
You sock something! Kikubaaqudgha accepts your kill.
Reactivating autopickup.
You feel a bit more experienced.
You feel sick. The orc hits you but does no damage.
You hit the orc.
You kill the orc!
Kikubaaqudgha accepts your kill.
You feel sick.
You feel sick.
Things that are here:
a +0 dagger; a +0 robe; an orc corpse You feel sick.
Things that are here:
a +0 hand axe; a +0 chain mail You feel sick.
You are no longer poisoned.
You see here a +2 short sword of venom.
You start resting.
HP restored.
You start resting.
Magic restored.
There is a stone staircase leading down here.
You climb downwards.
There is a stone staircase leading up here.
You hit the orc. Your bite misses the orc.
The orc is heavily wounded.
The centaur shoots an arrow.
The arrow closely misses you.
An iguana comes into view.
The orc barely misses you.
The centaur shoots an arrow.
You block the arrow.
You closely miss the orc.
The orc is heavily wounded.
The orc closely misses you.
The centaur shoots an arrow.
The arrow hits you!
You sock the orc!
You kill the orc!
Kikubaaqudgha accepts your kill.
The centaur shoots an arrow.
The arrow hits you but does no damage.
The centaur shoots an arrow.
The arrow hits you! The orc hits you with a +0 war axe.
You climb upwards.
There is a stone staircase leading down here.
You bludgeon the orc!!
You kill the orc!
Kikubaaqudgha accepts your kill.
No target in view!
No target in view!
You see here a +2 short sword of venom.
HP restored.
There is a stone staircase leading up here.
There is a stone staircase leading down here.
You climb downwards.
Ijyb shouts!
There is a stone staircase leading up here.
Ijyb is nearby!
Ijyb is nearby!
Ijyb is nearby!
Found 15 gold pieces.
You block Ijyb's attack.
You closely miss Ijyb. You block Ijyb's attack.
You thump Ijyb!
Ijyb is heavily wounded.
Ijyb zaps a wand.
The bolt of acid misses you.
You hit Ijyb but do no damage. You bite Ijyb, but do no damage.
Ijyb is heavily wounded.
Ijyb hits you with a +0 club.
You closely miss Ijyb. Your bite misses Ijyb.
Ijyb is heavily wounded.
Ijyb zaps a wand.
The bolt of acid misses you.
The now-empty wand crumbles to dust.
You sock Ijyb!
Ijyb is poisoned.
Your bite misses Ijyb.
Ijyb is almost dead.
Ijyb hits you with a +0 club.
You hit Ijyb but do no damage.
Ijyb looks as sick as possible!
Ijyb is almost dead.
Ijyb hits you but does no damage.
You closely miss Ijyb. You bite Ijyb, but do no damage.
Ijyb is almost dead.
Ijyb screams, "Me kill you!" You block Ijyb's attack.
You hit Ijyb but do no damage. You bite Ijyb, but do no damage.
Ijyb is almost dead.
You kill Ijyb!
Kikubaaqudgha accepts your kill.
No target in view!
Magic restored.
Found 6 gold pieces.
Things that are here:
a +0 club; a +0 ring mail of fire resistance You now have 163 gold pieces (gained 6).
You now have 178 gold pieces (gained 15).
Found a scale mail.
An ufetubus comes into view.
The ufetubus shouts!
You hear an angry hiss.
An acid dragon comes into view.
The acid dragon roars!
The acid dragon spits acid at you. The splash of acid misses you.
A scorpion comes into view.
You hit the acid dragon. You bite the acid dragon. You drain its power.
The acid dragon is lightly wounded.
You block the acid dragon's attack. The acid dragon barely misses you.
The ufetubus attacks as you move away!
The ufetubus hits you but does no damage.
The ufetubus closely misses you.
The ufetubus hits you but does no damage. x2
You hit the acid dragon.
The acid dragon is moderately wounded.
The ufetubus barely misses you. The ufetubus hits you.
The acid dragon bites you but does no damage.
The acid dragon claws you but does no damage.
You block the ufetubus's attack. The ufetubus closely misses you.
The acid dragon barely misses you. You block the acid dragon's attack.
You sock the acid dragon!
The acid dragon is almost dead.
The ufetubus hits you but does no damage.
You block the ufetubus's attack. The acid dragon bites you!
The acid dragon claws you but does no damage.
You closely miss the acid dragon.
The acid dragon is severely wounded.
The ufetubus hits you but does no damage.
The ufetubus barely misses you. You block the ufetubus's attack.
The ufetubus hits you but does no damage.
The acid dragon bites you.
The acid dragon claws you but does no damage.
You sock the acid dragon!
You kill the acid dragon!
Kikubaaqudgha accepts your kill. The ufetubus closely misses you.
The ufetubus hits you but does no damage.
The ufetubus completely misses you.
The ufetubus hits you but does no damage.
You closely miss the scorpion.
The scorpion stings you but does no damage.
You block the ufetubus's attack. x2
The scorpion stings you but does no damage.
You barely miss the scorpion. You bite the scorpion. You drain its power.
You feel invigorated.
The scorpion is moderately wounded.
The ufetubus closely misses you.
The ufetubus hits you but does no damage.
You block the ufetubus's attack. The ufetubus completely misses you.
The scorpion stings you but does no damage.
You closely miss the scorpion. Your bite misses the scorpion.
The scorpion is moderately wounded.
The ufetubus hits you but does no damage. x2
The scorpion stings you but does no damage.
You block the ufetubus's attack. x2
You hit the scorpion but do no damage.
The scorpion is poisoned.
Your bite misses the scorpion.
The scorpion is moderately wounded.
You block the scorpion's attack. You block the ufetubus's attack.
The ufetubus hits you but does no damage.
You sock the scorpion!
The scorpion looks as sick as possible!
You bite the scorpion.
You kill the scorpion!
Kikubaaqudgha accepts your kill.
The ufetubus hits you but does no damage. x2
The ufetubus hits you.
The ufetubus hits you but does no damage.
Your Maces & Flails skill increases to level 8!
You hit the ufetubus.
The ufetubus is poisoned.
The ufetubus is moderately wounded.
You block the ufetubus's attack. The ufetubus barely misses you.
You hit the ufetubus.
The ufetubus looks as sick as possible!
The ufetubus is heavily wounded.
You kill the ufetubus!
Kikubaaqudgha accepts your kill.
No target in view!
A jelly comes into view.
A jelly is nearby!
A jelly is nearby!
The jelly quivers.
Found a scroll labelled ITZOXA SUMO.
You hit the jelly.
Your hands burn!
You bite the jelly. You drain its power.
You feel invigorated.
The jelly is moderately wounded.
The jelly hits you but does no damage.
You thump the jelly!
Your hands burn!
Your bite misses the jelly.
The jelly is severely wounded.
The jelly closely misses you.
You hit the jelly.
You kill the jelly!
Kikubaaqudgha accepts your kill.
You have reached level 8!
You feel agile.
Your teeth grow very long and razor-sharp.
HP restored.
s - 5 scrolls labelled ITZOXA SUMO (gained 1)
Found 6 stones.
Found a scale mail.
You now have 198 gold pieces (gained 20).
Found a stone staircase leading down.
No target in view!
A - a wand of paralysis (11)
Found a stone staircase leading down.
There is a stone staircase leading down here.
A jelly comes into view.
The jelly quivers.
A jelly is nearby!
No target in view!
No target in view!
A jelly is nearby!
The jelly hits you but does no damage.
You hit the jelly.
Your hands burn!
The jelly is lightly wounded.
The jelly barely misses you.
You sock the jelly!
You kill the jelly!
Kikubaaqudgha accepts your kill.
No target in view!
No target in view!
You open the door.
Found a white marble altar of Elyvilon and a broken altar of Ashenzari.
There is an open door here.
B - a +4 ring of evasion
There is an open door here.
There is a stone staircase leading down here.
You see here a +0 scale mail.
Found a shimmering altar of Xom.
No target in view!
B - a +4 ring of evasion (left hand)
y - a ring of willpower (right hand)
Found 8 stones.
You pick up a book of Lightning and begin reading...
You add the spells Static Discharge, Vhi's Electric Charge, Lightning Bolt and Arcjolt to your library.
You see here 8 stones.
An orc comes into view.
It is wielding a +2 hand axe of flaming.
The orc shouts!
The orc hits you but does no damage.
You thump the orc!
You kill the orc!
Kikubaaqudgha accepts your kill.
No target in view!
No target in view!
No target in view!
You see here a +2 hand axe of flaming.
Found a stone staircase leading up.
Found a club.
A black bear comes into view.
The black bear growls angrily.
Found a scroll labelled IMUSAI OPTOCYR.
Found a staircase to the Ecumenical Temple.
The black bear bites you.
The black bear claws you but does no damage.
The black bear barely misses you.
You sock the black bear!
The black bear looks as sick as possible!
You bite the black bear, but do no damage.
The black bear is moderately wounded.
The black bear bites you.
The black bear claws you but does no damage.
The black bear closely misses you.
You hit the black bear.
The black bear is severely wounded.
The black bear goes berserk!
The black bear closely misses you. The black bear barely misses you.
The black bear claws you but does no damage.
You hit the black bear.
The black bear looks as sick as possible!
The black bear is almost dead.
You kill the black bear!
Kikubaaqudgha accepts your kill.
No target in view!
C - a scroll labelled IMUSAI OPTOCYR You see here a +0 scale mail.
You see here a +0 scale mail.
The iguana hisses angrily.
An iguana is nearby!
The iguana barely misses you.
You hit the iguana.
The iguana is poisoned.
The iguana is moderately wounded.
The iguana closely misses you.
The centaur shoots an arrow.
The arrow closely misses you.
The arrow hits the iguana.
You sock the iguana!
You kill the iguana!
Kikubaaqudgha accepts your kill.
The centaur shoots an arrow.
The arrow hits you!
The centaur shoots an arrow.
The arrow hits you!
The centaur shoots an arrow.
The arrow misses you.
The centaur unwields a +0 shortbow.
The centaur wields a +0 club.
You block the centaur's attack. The centaur closely misses you.
You sock the centaur!
The centaur is poisoned.
You bite the centaur, but do no damage.
The centaur is moderately wounded.
The centaur barely misses you.
The centaur kicks you but does no damage.
You sock the centaur!
You kill the centaur!
Kikubaaqudgha accepts your kill.
No target in view!
Found a stone staircase leading down.
D - a scroll labelled TUCSUOTAEZ An ogre comes into view.
It is wielding a +0 giant spiked club.
The ogre hits you with a +0 giant spiked club!
You hit the ogre.
The ogre is lightly wounded.
You sock the ogre!
The ogre looks as sick as possible!
The ogre is heavily wounded.
The ogre misses you.
You bludgeon the ogre!!
You kill the ogre!
Kikubaaqudgha accepts your kill.
Your Maces & Flails skill increases to level 9!
No target in view!
No target in view!
No target in view!
You see here a +0 giant spiked club.
An adder comes into view.
Found 13 gold pieces.
The adder hisses angrily.
An adder is nearby!
An adder is nearby!
You closely miss the adder. You bite the adder. You drain its power.
The adder is heavily wounded.
The adder closely misses you. The adder barely misses you.
You sock the adder!
You kill the adder!
Kikubaaqudgha accepts your kill.
No target in view!
You now have 211 gold pieces (gained 13).
Things that are here:
a +0 club; a +0 shortbow; a centaur corpse
Found 6 stones.
You see here 6 stones.
Done exploring.
Done exploring.
No target in view!
No target in view!
Done exploring.
Done exploring.
(D) Dungeon (T) Temple
Where to? (Enter - D:4 @ (x,y), ? - help)
You see here 6 stones.
There is a stone staircase leading down here.
You climb downwards.
The jelly quivers.
The white imp shouts, "Bolt, thou puking swag-bellied Cock-Lorel!"
The jelly quivers.
There is a stone staircase leading up here.
There are monsters nearby!
Unknown command.
There are monsters nearby!
There are monsters nearby!
There are monsters nearby!
You hit the jelly.
Your hands burn!
The jelly is lightly wounded.
You thump the jelly!
Your hands burn!
You bite the jelly. You drain its power.
You feel invigorated.
The jelly is almost dead.
A sky beast comes into view.
The jelly hits you but does no damage. x2
You sock the jelly!
You kill the jelly!
Kikubaaqudgha accepts your kill. The white imp gestures at you.
The puff of frost hits you.
You bludgeon the jelly!!
You kill the jelly!
Kikubaaqudgha accepts your kill.
You hit the white imp.
You bite the white imp, but do no damage.
The white imp is heavily wounded.
The white imp barely misses you.
You closely miss the white imp. Your bite misses the white imp.
The white imp is heavily wounded.
The white imp misses you.
You sock the white imp!
You kill the white imp!
Kikubaaqudgha accepts your kill.
You sock the sky beast! You bite the sky beast! You drain its power.
You feel invigorated.
The sky beast is almost dead.
The sky beast flickers out of sight!
Deactivating autopickup; reactivate with Ctrl-A.
Something hits you but does no damage.
No target in view!
No target in view!
There is a strange disturbance nearby!
You sock something! Kikubaaqudgha accepts your kill.
Reactivating autopickup.
You feel a bit more experienced.
Found an escape hatch in the floor.
You now have 219 gold pieces (gained 8).
As you open the door, it creaks loudly!
There is an open door here.
You open the door.
There is an open door here.
You open the door.
Found a shadowy altar of Dithmenos.
No target in view!
There is an open door here.
You open the door.
There is an open door here.
You open the door.
There is an open door here.
A scorpion and an ufetubus come into view.
Found 17 gold pieces and a scroll labelled KIUXTI TIZODUR.
The ufetubus shouts!
You hear a bark!
You hear an angry hiss.
There are monsters nearby!
There are monsters nearby!
There are monsters nearby!
The ufetubus hits you but does no damage.
You block the ufetubus's attack.
You sock the ufetubus!
You kill the ufetubus!
Kikubaaqudgha accepts your kill.
A bullfrog comes into view.
You block the scorpion's attack.
The bullfrog croaks.
You sock the scorpion! You bite the scorpion.
You kill the scorpion!
Kikubaaqudgha accepts your kill.
You hear a bark!
You hear a shout!
You hit the bullfrog.
The bullfrog is poisoned.
The bullfrog is moderately wounded.
The bullfrog hits you.
You closely miss the bullfrog. You bite the bullfrog! You drain its power.
You feel invigorated.
The bullfrog is heavily wounded.
The bullfrog misses you.
A gnoll bouda comes into view. It is wielding a +0 whip.
You closely miss the bullfrog.
The bullfrog is severely wounded.
The bullfrog hits you but does no damage.
A hound comes into view.
The bullfrog hits you.
You completely miss the bullfrog.
The hound barks!
You bite the bullfrog. You drain its power.
You feel invigorated.
The bullfrog is almost dead.
You hear a shout!
The bullfrog hits you but does no damage.
You hear an angry hiss.
You hear a shout! x2
You sock the bullfrog!
You kill the bullfrog!
Kikubaaqudgha accepts your kill.
You hit the gnoll bouda.
The gnoll bouda is poisoned.
The gnoll bouda is lightly wounded.
A troll comes into view.
The gnoll bouda hits you with a +0 whip!
There are monsters nearby!
There are monsters nearby!
You sock the gnoll bouda!
The gnoll bouda looks as sick as possible!
Your bite misses the gnoll bouda.
The gnoll bouda is severely wounded.
The gnoll bouda hits you with a +0 whip.
The gnoll bouda attacks as you move away!
The gnoll bouda closely misses you.
An orc wizard comes into view. It is wielding a +0 dagger.
A gnoll sergeant comes into view. It is wielding a +0 trident.
The gnoll bouda gazes fiercely through you!
You feel your attacks grow feeble.
The gnoll bouda attacks as you move away!
The gnoll bouda hits you with a +0 whip.
You kill the gnoll bouda!
Kikubaaqudgha accepts your kill.
There is an open door here.
Your attacks no longer feel as feeble.
An adder comes into view.
The hound closely misses you.
You sock the hound!
The hound is poisoned.
You bite the hound!
You kill the hound!
Kikubaaqudgha accepts your kill.
Your Maces & Flails skill increases to level 10!
You hit the troll.
The troll is poisoned.
You bite the troll. You drain its power.
You feel invigorated.
The troll is moderately wounded.
The troll misses you. You block the troll's attack. The troll claws you.
You sock the troll!
The troll looks as sick as possible!
The troll is severely wounded.
The troll bites you. The troll claws you! x2
The gnoll sergeant closely misses you.
You hit the troll.
The troll looks as sick as possible!
Your bite misses the troll.
The troll is severely wounded.
An orc comes into view. It is wielding a +0 hand axe.
The gnoll sergeant hits you from afar with a +0 trident!
* * * LOW HITPOINT WARNING * * *
The troll bites you!
* * * LOW MAGIC WARNING * * *;
* * * LOW HITPOINT WARNING * * *
The troll claws you!
* * * LOW MAGIC WARNING * * *
You die...
Kikubaaqudgha rasps: "You have failed me!
Welcome... death!"

##+###+..+....#
+...+.#..#....+
#...#.#..#....# #
#._.#.'##'.+## #
#...#.#..#...#######+###
+...'.#..#...##.......##
###+###'..+..............
.......#..#..............
.......#@.#..............
+###+###T###..............
.......og#...>.###......##
##......S#.....#...#######
........).................
.......†..................
.....#.....#.....#........
.###o#.###o#.###.#.###....
. #. .# ..#.. ...##


You could see a troll (extremely poisoned), a gnoll sergeant, an orc wizard, an
adder and an orc (wandering).

Vanquished Creatures
  Grinder (D:3)
  An acid dragon (D:5)
  Duvessa (D:4)
  A sky beast (D:6)
  An ogre (D:5)
  A black bear (D:5)
  A centaur (D:5)
  A bullfrog (D:6)
  3 scorpions
  Dowan (D:4)
  A hound (D:6)
  4 jellies
  A gnoll bouda (D:6)
  Crazy Yiuf (D:2)
  Ijyb (D:5)
  2 iguanas
  An orc wizard (D:4)
  Robin (D:4)
  9 adders
  A white imp (D:6)
  2 ufetubi
  2 worms (D:2)
  2 dart slugs
  10 orcs
  5 bats
  9 endoplasms
  A giant cockroach (D:4)
  11 goblins
  9 hobgoblins
  6 kobolds
  3 quokkas
  4 ball pythons
  12 rats
110 creatures vanquished.

Notes
Turn   | Place    | Note
-------+----------+-------------------------------------------
     0 | D:1      | sleeves the Vine Stalker Fighter began the quest for the
                  | Orb.
     0 | D:1      | Reached XP level 1. HP: 11/11 MP: 2/2
    34 | D:1      | Found a faded altar of an unknown god.
    46 | D:1      | Reached skill level 2 in Maces & Flails
   196 | D:1      | Reached XP level 2. HP: 16/16 MP: 3/3
   623 | D:2      | HP: 8/16 [frozen (3)]
   640 | D:2      | HP: 8/16 [frozen (4)]
   646 | D:2      | Reached skill level 3 in Maces & Flails
   721 | D:2      | Reached XP level 3. HP: 19/19 MP: 4/4
   778 | D:2      | HP: 8/19 [adder (2)]
   783 | D:2      | HP: 7/19 [poisoned by an adder]
   916 | D:2      | Gained mutation: Your natural rate of healing is unusually
                  | fast. [Vine Stalker growth]
   916 | D:2      | Reached XP level 4. HP: 19/23 MP: 5/5
   951 | D:2      | Found a bloodstained altar of Trog.
   983 | D:2      | Found a runed translucent door.
   984 | D:2      | Noticed Crazy Yiuf
  1011 | D:2      | Reached skill level 4 in Maces & Flails
  1182 | D:2      | Killed Crazy Yiuf
  1187 | D:2      | Identified the +9 hammer of Qazlal's Outrage {venom, rN+
                  | MP+9}
  1292 | D:3      | Reached XP level 5. HP: 21/27 MP: 6/6
  1417 | D:3      | Noticed Grinder
  1425 | D:3      | Killed Grinder
  1426 | D:3      | Reached skill level 6 in Maces & Flails
  1426 | D:3      | Reached XP level 6. HP: 31/32 MP: 7/7
  2075 | D:4      | Got the Meditations on Bewitching Weather
  2227 | D:4      | Noticed Robin
  2246 | D:4      | Killed Robin
  2282 | D:4      | Noticed Duvessa
  2299 | D:4      | Killed Duvessa
  2300 | D:4      | Reached XP level 7. HP: 32/35 MP: 8/8
  2301 | D:4      | Noticed Dowan
  2304 | D:4      | Killed Dowan
  2305 | D:4      | Reached skill level 7 in Maces & Flails
  2328 | D:4      | Found an ancient bone altar of Kikubaaqudgha.
  2344 | D:4      | Became a worshipper of Kikubaaqudgha
  2739 | D:5      | Entered Level 5 of the Dungeon
  2796 | D:5      | Noticed Ijyb
  2805 | D:5      | Killed Ijyb
  2854 | D:5      | Reached skill level 8 in Maces & Flails
  2863 | D:5      | Gained mutation: You have razor-sharp teeth. [Vine Stalker
                  | growth]
  2863 | D:5      | Reached XP level 8. HP: 37/39 MP: 9/9
  2962 | D:5      | Found a white marble altar of Elyvilon.
  2962 | D:5      | Found a broken altar of Ashenzari.
  3042 | D:5      | Found a shimmering altar of Xom.
  3123 | D:5      | Found a staircase to the Ecumenical Temple.
  3309 | D:5      | Reached skill level 9 in Maces & Flails
  3518 | D:6      | Found a shadowy altar of Dithmenos.
  3539 | D:6      | Noticed a troll
  3548 | D:6      | Reached skill level 10 in Maces & Flails
  3550 | D:6      | HP: 13/39 [gnoll sergeant/+0 trident (9)]
  3550 | D:6      | HP: 3/39 [troll (10)]
  3550 | D:6      | Slain by a troll

Illustrated notes

Levels and vault maps discovered:
D:1:      mrwooster_arrival_statue_2, layout_rooms, serial_aquarium,
          aquarium_bridge_island_small [aquarium_subvault_small_open,
          aquarium_subvault_wall, aquarium_subvault_wall,
          aquarium_subvault_bridge, aquarium_subvault_window],
          aquarium_bridge_square [aquarium_subvault_wall,
          aquarium_subvault_balcony, aquarium_subvault_bridge,
          aquarium_subvault_window], aquarium_window_1, aquarium_window_1,
          aquarium_window_corridor_1, aquarium_view_2a, aquarium_view_2e,
          ebering_ecumenical_altar_petrified
D:2:      layout_rooms, basic_altar, uniq_crazy_yiuf_cottage
D:3:      layout_basic, uniq_grinder
D:4:      layout_basic, kiku_gazebo_garden_becter, uniq_duvessa, uniq_robin
D:5:      layout_basic, mainiacjoe_overflow_small_starburst,
          gammafunk_temple_overflow_pools, temple_hall, uniq_ijyb
D:6:      hangedman_cross_stitches, layout_gridville,
          mainiacjoe_overflow_24_doors, zin_purify, uniq_edmund, uniq_maggie

Skill      XL: |  1  2  3  4  5  6  7  8 |
---------------+-------------------------+-----
Maces & Flails | 2 3 4 6 8 10 | 10.0
Fighting       | |  2.6
Armour         | |  2.4
Shields        | |  2.6

Action                   |  1- 3 |  4- 6 |  7- 9 || total
-------------------------+-------+-------+-------++-------
Melee: Flail             |    92 |    19 |       ||   111
       Bite              |    14 |    28 |    24 ||    66
       Mace              |       |    66 |    79 ||   145
  Use: Potion            |       |     1 |       ||     1
Armor: Scale mail        |    51 |    42 |    44 ||   137
Dodge: Dodged            |    62 |    32 |    46 ||   140
Block: Buckler           |    34 |    20 |    26 ||    80

Table legend: (Time is in decaauts)
 A = Elapsed time spent in this place.
 B = Non-inter-level travel time spent in this place.
 C = Inter-level travel time spent in this place.
 D = Time resting spent in this place.
 E = Time spent auto-exploring this place.
 F = Levels seen in this place.
 G = Mean time per level.
                   A        B        C        D        E       F      G
               +--------+--------+--------+--------+--------+-----+--------+
         Total |   3593 |   3473 |    120 |     16 |   2755 |   6 |  598.8 |
       Dungeon |   3593 |   3473 |    120 |     16 |   2755 |   6 |  598.8 |
               +--------+--------+--------+--------+--------+-----+--------+

Top non-repeatable levels by time:
     D:4: 795 daAuts
     D:3: 732 daAuts
     D:2: 693 daAuts
     D:5: 688 daAuts
     D:1: 608 daAuts
     D:6: 74 daAuts
